 Dungeon Crawl Stone Soup version 0.27-a0-92-g39ad13b146 (webtiles) character file.

Game seed: 10565362471812768491

399 knot the Chopper (level 6, 70/70 HPs)
             Began as a Demonspawn Berserker on Jan 16, 2021.
             Was a Priest of Trog.
             Quit the game on level 4 of the Dungeon.
             The game lasted 00:05:16 (3234 turns).

knot the Chopper (Demonspawn Berserker)             Turns: 3234, Time: 00:05:16

Health: 70/70      AC:  5    Str: 18    XL:     6   Next: 54%
Magic:  6/6        EV: 12    Int: 10    God:    Trog [***...]
Gold:   145        SH:  0    Dex: 12    Spells: 5/5 levels left

rFire    + . .     SeeInvis .   a - +0 hand axe
rCold    . . .     Faith    .   (no shield)
rNeg     . . .     Spirit   +   u - +2 robe {rF+}
rPois    .         Reflect  .   (no helmet)
rElec    .         Harm     .   (no cloak)
rCorr    .         Rampage  .   n - +0 pair of gloves
Will     ++...                  (no boots)
Stlth    ..........             h - amulet of the acrobat
HPRegen  2.21/turn              t - ring of attention (curse)
MPRegen  0.10/turn              k - ring of flight

@: berserking, regenerating, very quick
A: hooves 1, powered by death 1, magic shield
a: Renounce Religion, Evoke Flight, Berserk, Trog's Hand


You were on level 4 of the Dungeon.
You worshipped Trog.
Trog was most pleased with you.
You visited 1 branch of the dungeon, and saw 4 of its levels.

You collected 145 gold pieces.

Inventory:

Hand Weapons
 a - a +0 hand axe (weapon)
Missiles
 d - 101 stones (quivered)
 p - 8 javelins
 r - 5 boomerangs
Armour
 b - a +0 animal skin
 n - a +0 pair of gloves (worn)
 u - a +2 robe of fire resistance (worn)
Jewellery
 h - an amulet of the acrobat (around neck)
 k - a ring of flight (right hand)
 t - a cursed ring of attention (left hand)
 x - an uncursed amulet of regeneration {unknown}
Scrolls
 c - a scroll of amnesia {unknown}
 i - a scroll of enchant weapon {unknown}
 j - 3 scrolls of teleportation
 l - 2 scrolls of noise {unknown}
 o - a scroll of immolation {unknown}
 q - a scroll of enchant armour {unknown}
 w - a scroll of identify {unknown}
Potions
 f - 2 potions of ambrosia {unknown}
 g - a potion of cancellation {unknown}
 m - a potion of mutation {unknown}
 s - a potion of might {unknown}
 v - a potion of curing
 z - a potion of heal wounds {unknown}


   Skills:
 - Level 3.0 Fighting
 * Level 5.3 Axes
 * Level 3.9 Throwing
 - Level 1.7 Armour
 - Level 1.7 Dodging


You had 5 spell levels left.
You didn't know any spells.
Your spell library was empty.

Dungeon Overview and Level Annotations

Branches:
Dungeon (4/15)
 Temple: D:4-7

Altars:
Qazlal
Wu Jian


Innate Abilities, Weirdness & Mutations

You have large cloven feet.
You regenerate a little health from kills.
When hurt, damage is shared between your health and your magic reserves.


Message History

You slash Sigmund!
Sigmund is almost dead.
You closely miss Sigmund.
Sigmund is almost dead.
You closely miss Sigmund.
Sigmund is almost dead.
Sigmund misses you.
You closely miss Sigmund.
Sigmund is almost dead.
You slash Sigmund!
You kill Sigmund!
Trog accepts your kill.
Trog appreciates your killing of a magic user.
Your Axes skill increases to level 5!
You have reached level 6!
Your experience leads to an increase in your attributes!
Increase (S)trength, (I)ntelligence, or (D)exterity?
You feel clever.
Your demonic ancestry asserts itself...
Your feet thicken and deform.
Are you sure you want to abandon this character and quit the game? (Confirm with "yes".)

#.# .. ♣♣♣♣♣♣♣#.# .
##♣♣♣P♣...♣#.#.# #####
#...♣..P.....#.#
#...######.♣♣..♣♣♣♣♣....#
###.....##.♣♣♣♣♣ ♣#..###
#######....##..####...###.
#.######..<............... ###
#....####@#..#.......##### ..#
#.....###)..............##
#..#............#.......##...
.####.#.....###....<.......##..P
............# ###...##†######...
............# #..###.######..♣
...........## ♣♣♣♣# #.........P
.....#....## ♣P♣♣# #.######..P
##>##(.#.## ...##)# #...


There were no monsters in sight!

Vanquished Creatures
  Sigmund (D:4)
  A howler monkey (D:4)
  Jessica (D:3)
  2 worker ants
  3 adders
  An ooze (D:2)
  2 worms
  4 dart slugs
  3 leopard geckos
  4 orcs (D:4)
  5 giant cockroaches
  9 goblins
  7 hobgoblins
  10 jackals
  5 kobolds
  3 quokkas
  A ball python (D:3)
  A ball python skeleton (D:4)
  7 bats
  3 frilled lizards
  A leopard gecko skeleton (D:3)
  7 rats
81 creatures vanquished.

Vanquished Creatures (others)
  2 fungi (D:4)
  4 plants (D:4)
  4 toadstools (D:1)
10 creatures vanquished.

Grand Total: 91 creatures vanquished

Notes
Turn   | Place    | Note
-------+----------+-------------------------------------------
     0 | D:1      | knot the Demonspawn Berserker began the quest for the Orb.
     0 | D:1      | Reached XP level 1. HP: 18/18 MP: 1/1
   175 | D:1      | Reached skill level 3 in Axes
   257 | D:1      | Gained mutation: You regenerate a little health from kills.
                  | [demonic ancestry]
   257 | D:1      | Reached XP level 2. HP: 20/24 MP: 2/2
   706 | D:2      | Reached XP level 3. HP: 28/29 MP: 3/3
   741 | D:2      | Reached skill level 1 in Throwing
   868 | D:2      | Reached ** piety under Trog
  1239 | D:2      | Found an ornate altar of the Wu Jian Council.
  1338 | D:2      | Reached skill level 4 in Axes
  1597 | D:2      | Reached XP level 4. HP: 19/35 MP: 4/4
  2346 | D:3      | Found a stormy altar of Qazlal.
  2639 | D:3      | Noticed Jessica
  2650 | D:3      | Killed Jessica
  2650 | D:3      | Reached *** piety under Trog
  2651 | D:3      | Gained mutation: When hurt, damage is shared between your
                  | health and your magic reserves. [demonic ancestry]
  2651 | D:3      | Reached XP level 5. HP: 41/41 MP: 5/5
  3102 | D:4      | Noticed Sigmund
  3233 | D:4      | Killed Sigmund
  3234 | D:4      | Reached skill level 5 in Axes
  3234 | D:4      | Gained mutation: You have large cloven feet. [demonic
                  | ancestry]
  3234 | D:4      | Reached XP level 6. HP: 47/47 MP: 6/6
  3234 | D:4      | Quit the game

Illustrated notes

Levels and vault maps discovered:
D:1:      ldierk_walled_garden_2, layout_rooms, moated_statue,
          chequers_serial_rivers_micro_d, hangedman_abyss_or_decor_lesser_grid,
          supply_closet_lemuel, minmay_tromino_i2
D:2:      layout_basic, lemuel_doored_altar, kennysheep_donut
D:3:      layout_rooms, nicolae_qazlal_general_emergency, uniq_jessica
D:4:      minmay_angry_zag, layout_rooms,
          grunt_temple_overflow_forces_of_nature, serial_forest,
          infiniplex_forest_zigzag_1, infiniplex_forest_straight_4,
          infiniplex_forest_lined_3, infiniplex_forest_side_room,
          infiniplex_forest_clump_medium, fedhas_altar_3, uniq_sigmund

Skill      XL: |  1  2  3  4  5 |
---------------+----------------+-----
Axes           | 3 4 5 |  5.3
Throwing       | 1 2 3 |  3.9
Fighting       | |  3.0
Armour         | |  1.7
Dodging        | |  1.7

Action                   |  1- 3 |  4- 6 || total
-------------------------+-------+-------++-------
Melee: Hand axe          |   121 |    93 ||   214
Throw: Dart              |    15 |    35 ||    50
       Boomerang         |       |    21 ||    21
       Stone             |       |     1 ||     1
Invok: Berserk           |     2 |     2 ||     4
       Trog's Hand       |       |     1 ||     1
  Use: Scroll            |       |     1 ||     1
 Stab: Sleeping          |     1 |       ||     1
Armor: Animal skin       |    20 |    12 ||    32
       Robe              |       |     6 ||     6
Dodge: Dodged            |    95 |    58 ||   153

Table legend: (Time is in decaauts)
 A = Elapsed time spent in this place.
 B = Non-inter-level travel time spent in this place.
 C = Inter-level travel time spent in this place.
 D = Time resting spent in this place.
 E = Time spent auto-exploring this place.
 F = Levels seen in this place.
 G = Mean time per level.
                   A        B        C        D        E       F      G
               +--------+--------+--------+--------+--------+-----+--------+
         Total |   3282 |   3228 |     54 |    478 |   2196 |   4 |  820.5 |
       Dungeon |   3282 |   3228 |     54 |    478 |   2196 |   4 |  820.5 |
               +--------+--------+--------+--------+--------+-----+--------+

Top non-repeatable levels by time:
     D:2: 1521 daAuts
     D:3: 839 daAuts
     D:1: 703 daAuts
     D:4: 217 daAuts
